 Dungeon Crawl Stone Soup version 0.20.1-1-g8b1a95d (webtiles) character file.

182 vishdafish the Ruffian (level 5, 0/53 HPs)
             Began as a Troll Monk on July 7, 2017.
             Slain by an ogre
             ... wielding a +0 giant spiked club
              (16 damage)
             ... on level 3 of the Dungeon.
             The game lasted 00:03:04 (1614 turns).

vishdafish the Ruffian (Troll Monk)                 Turns: 1614, Time: 00:03:04

Health: 0/53       AC:  5    Str: 20    XL:     5   Next: 35%
Magic:  4/4        EV: 11    Int:  6    God:
Gold:   108        SH:  0    Dex: 12    Spells: 4/4 levels left

rFire    . . .     SeeInvis .     - Unarmed
rCold    . . .     Gourm    +   (no shield)
rNeg     . . .     Faith    .   a - +0 robe
rPois    .         Spirit   .   (helmet restricted)
rElec    .         Reflect  .   (no cloak)
rCorr    .         Harm     .   (gloves unavailable)
MR       .....                  (boots unavailable)
Stlth    ++........             (no amulet)
Regen    0.6/turn               (no ring)
MPRegen  0.1/turn               (no ring)

@: slowed, very slow
A: unfitting armour, claws 3, fast metabolism 3, gourmand, regeneration 1,
shaggy fur 1, tough skin 2
a: no special abilities


You were on level 3 of the Dungeon.
You were hungry.

You visited 1 branch of the dungeon, and saw 4 of its levels.

You collected 108 gold pieces.

Inventory:

Armour
 a - a +0 robe (worn)
Scrolls
 c - 2 scrolls of identify {unknown}
 e - 2 scrolls of teleportation {unknown}
 g - 2 scrolls of blinking {unknown}
 j - a scroll of random uselessness {unknown}
 m - 3 scrolls of fog {unknown}
 n - a scroll of fear {unknown}
Potions
 f - a potion of degeneration {unknown}
 h - a potion of haste {unknown}
 i - 2 potions of heal wounds {unknown}
 k - a potion of invisibility {unknown}
 l - 2 potions of might {unknown}
Comestibles
 b - 2 bread rations
 d - 3 meat rations


   Skills:
 + Level 3.4 Fighting
 + Level 3.2 Dodging
 - Level 1.0 Stealth
 * Level 4.5 Unarmed Combat


You had 4 spell levels left.
You didn't know any spells.

Dungeon Overview and Level Annotations

Branches:
Dungeon (4/15)
 Temple: D:4-7

Altars:
Makhleb
Ru
Uskayaw


Innate Abilities, Weirdness & Mutations

You are too large for most types of armour.
You have claws for hands.
Your metabolism is lightning-fast.
You like to eat raw meat.
Your natural rate of healing is unusually fast.
You are covered in fur. (AC +1)
You have very tough skin. (AC +2)


Message History

You barely miss the orc wizard.
The orc wizard is severely wounded.
The orc wizard gestures at you while chanting.
You feel yourself slow down. The goblin hits you but does no damage.
You barely miss the orc wizard.
The orc wizard is severely wounded.
The orc wizard hits you but does no damage.
The orc wizard hits you with a dagger of venom.
The goblin hits you but does no damage. The orc wizard closely misses you.
You scratch the orc wizard.
You kill the orc wizard!
The goblin barely misses you. The goblin closely misses you.
There is a stone staircase leading down here.
The goblin hits you with a club.
The ogre hits you with a giant spiked club!
The ogre hits you with a giant spiked club!!
* * * LOW HITPOINT WARNING * * *
The ogre hits you with a giant spiked club!
You die...

#.....#.#......##..
#.....#.#.#######.#
#.....+.#.##....)<.
#.....#.#.##.###.)†
##.....#.#.##.#.....
#......'.#.#..#...#.
#......#.#.#.#......
#...g..###.#.....###
#.#@O....#.###......
######.#####.#...........
#<.....# #.#.##.#.####.
############.#>[........O
#..........)...#.).#
#.#####..†..#..+...#
#.#########†#.##...#
#.......O...#.####.#
#############.# #.#


You could see an ogre and a goblin.

Vanquished Creatures
  An orc priest (D:3)
  An orc wizard (D:3)
  An iguana (D:3)
  2 adders
  2 worms (D:2)
  3 dart slugs
  5 orcs
  A ball python (D:3)
  8 bats
  4 giant cockroaches
  7 goblins
  9 hobgoblins
  3 jackals (D:1)
  6 kobolds
  2 quokkas (D:2)
  2 frilled lizards
  5 rats
62 creatures vanquished.

Notes
Turn   | Place    | Note
-------+----------+-------------------------------------------
     0 | D:1      | vishdafish the Troll Monk began the quest for the Orb.
     0 | D:1      | Reached XP level 1. HP: 22/22 MP: 0/0
   237 | D:1      | Reached XP level 2. HP: 29/29 MP: 1/1
   417 | D:1      | Reached XP level 3. HP: 35/36 MP: 2/2
   631 | D:2      | Found a sacrificial altar of Ru.
   638 | D:2      | Found a burning altar of Makhleb.
   772 | D:2      | Found a hide-covered altar of Uskayaw.
   979 | D:2      | Reached XP level 4. HP: 40/45 MP: 3/3
  1343 | D:3      | Reached skill level 4 in Unarmed Combat
  1516 | D:3      | Noticed an ogre
  1521 | D:3      | Reached XP level 5. HP: 40/53 MP: 4/4
  1614 | D:3      | Slain by an ogre

Skill      XL: |  1  2  3  4 |
---------------+-------------+-----
Dodging        | 3 |  3.2
Fighting       | 3 |  3.4
Unarmed Combat | 4 |  4.5
Stealth        | |  1.0

Action                   |  1- 3 |  4- 6 || total
-------------------------+-------+-------++-------
Melee: Unarmed           |   116 |    54 ||   170
 Stab: Sleeping          |     4 |       ||     4
  Eat: Chunk             |     6 |     1 ||     7
       Bread ration      |       |     1 ||     1
Armor: Robe              |    44 |    24 ||    68
Dodge: Dodged            |    56 |    46 ||   102
